 Dungeon Crawl Stone Soup version 0.22-a0-348-gd16d1391c7 (webtiles) character file.

67 Kriby the Skirmisher (level 4, -6/29 HPs)
             Began as a Gargoyle Fighter on Apr 8, 2018.
             Mangled by Laan's ghost (10 damage)
             ... on level 3 of the Dungeon.
             The game lasted 00:01:37 (2126 turns).

Kriby the Skirmisher (Gargoyle Fighter)             Turns: 2126, Time: 00:01:37

Health: -6/29      AC: 13    Str: 25    XL:     4   Next: 16%
Magic:  4/4        EV:  6    Int:  9    God:
Gold:   81         SH:  9    Dex:  9    Spells: 3/3 levels left

rFire    . . .     SeeInvis .   a - +0 war axe
rCold    . . .     Gourm    .   c - +0 shield
rNeg     + . .     Faith    .   n - +0 chain mail
rPois    ∞         Spirit   .   (no helmet)
rElec    +         Reflect  .   (no cloak)
rCorr    +         Harm     .   (no gloves)
MR       .....                  (no boots)
Stlth    ..........             (no amulet)
HPRegen  0.09/turn              g - ring of resist corrosion
MPRegen  0.09/turn              (no ring)

@: mighty
A: negative energy resistance 1, electricity resistance, unbreathing,
petrification resistance, rot immunity, AC +3
a: no special abilities


You were on level 3 of the Dungeon.
You were not hungry.

You visited 1 branch of the dungeon, and saw 3 of its levels.

You collected 81 gold pieces.

Inventory:

Hand Weapons
 a - a +0 war axe (weapon)
Armour
 c - a +0 shield (worn)
 n - a +0 chain mail (worn)
Jewellery
 g - a ring of resist corrosion (left hand)
Scrolls
 e - 4 scrolls of identify {unknown}
 j - a scroll of random uselessness {unknown}
 k - 3 scrolls of remove curse {unknown}
 l - 2 scrolls of magic mapping {unknown}
Potions
 h - a potion of degeneration {unknown}
 i - a potion of resistance {unknown}
 m - a potion of lignification {unknown}
 o - 2 potions of heal wounds {unknown}
Comestibles
 b - 10 chunks of flesh
 f - 3 rations


   Skills:
 + Level 3.9 Fighting
 + Level 2.4 Axes
 + Level 3.8 Armour
 + Level 3.9 Shields


You had 3 spell levels left.
You didn't know any spells.

Dungeon Overview and Level Annotations

Branches:
Dungeon (3/15)

Altars:
Okawaru

Annotations:
D:3 Laan's ghost, amateur FoFi


Innate Abilities, Weirdness & Mutations

You are resistant to torment.
Your stone body is resilient. (AC +3)
You are immune to poison.
You resist negative energy. (rN+)
You are resistant to electric shocks. (rElec)
You can survive without breathing.
You are immune to petrification.
You are immune to rotting.


Message History

You hit Laan's ghost.
Laan's ghost is lightly damaged.
Laan's ghost hits you but does no damage.
You feel very mighty all of a sudden. Laan's ghost hits you!
You slash Laan's ghost!
Laan's ghost is moderately damaged.
You block Laan's ghost's attack.
You slash Laan's ghost!
Laan's ghost is severely damaged.
Laan's ghost completely misses you. Laan's ghost hits you.
Your chain mail prevents you from hitting Laan's ghost.
Laan's ghost is severely damaged.
Laan's ghost hits you but does no damage.
You hit Laan's ghost.
Laan's ghost is severely damaged.
Laan's ghost hits you!
* * * LOW HITPOINT WARNING * * *
Laan's ghost hits you!
You die...

..................##.........#
.#...#...#...#...###.#######.#
...................#.# #.#
.#...#...#...#...#...# #####.###
..................##.# #.......#
####################.###.#####.#
................# #.#
.#.###.###.##..# #.# #@# #.##..#
#.# #W# #.##..# #.# %.. #.##..#
#.# o......##..# #.#
##...#####..# #.# #..## #..#
#.## #.


You could see Laan's ghost and an orc (wandering).

Vanquished Creatures
  2 worms
  3 dart slugs
  A leopard gecko (D:1)
  6 orcs (D:3)
  6 bats
  3 giant cockroaches
  3 goblins
  7 hobgoblins
  3 kobolds
  A quokka (D:3)
  A ball python (D:3)
  5 frilled lizards
  3 rats (D:1)
44 creatures vanquished.

Notes
Turn   | Place    | Note
-------+----------+-------------------------------------------
     0 | D:1      | Kriby the Gargoyle Fighter began the quest for the Orb.
     0 | D:1      | Reached XP level 1. HP: 14/14 MP: 1/1
   139 | D:1      | Reached XP level 2. HP: 15/19 MP: 2/2
   477 | D:1      | Reached XP level 3. HP: 20/23 MP: 3/3
  1953 | D:3      | Reached XP level 4. HP: 29/29 MP: 4/4
  2089 | D:3      | Found an iron altar of Okawaru.
  2116 | D:3      | Noticed Laan's ghost (amateur FoFi)
  2126 | D:3      | Mangled by Laan's ghost

Vault maps used:
D:1:      lemuel_arrival_river_ford
D:3:      lemuel_coloured_pillars_altar, first_ration, kennysheep_another_room

Skill      XL: |  1 |
---------------+----+-----
Axes           | 2 |  2.4
Fighting       | |  3.9
Armour         | |  3.8
Shields        | |  3.9

Action                   |  1- 3 |  4- 6 || total
-------------------------+-------+-------++-------
Melee: War axe           |   173 |    18 ||   191
  Use: Potion            |       |     1 ||     1
  Eat: Chunk             |     4 |       ||     4
Armor: Scale mail        |    94 |     2 ||    96
       Chain mail        |       |     4 ||     4
Dodge: Dodged            |    58 |     2 ||    60
Block: Shield            |   106 |    10 ||   116

Table legend:
 A = Spawn XP
 B = Non-spawn XP
 C = Spawn XP percentage of total XP
 D = Spawn monster count
 E = Non-spawn monster count
 F = Spawn count percentage of total count
 G = Total turns spent on level
                    A         B        C        D         E        F      G
               +---------+---------+-------+---------+---------+-------+---------
         Total |       0 |      96 |   0.0 |       0 |      44 |   0.0 |  2126
               +---------+---------+-------+---------+---------+-------+---------
           D:1 |       0 |      39 |   0.0 |       0 |      20 |   0.0 |   822
           D:2 |       0 |      24 |   0.0 |       0 |      11 |   0.0 |  1082
           D:3 |       0 |      33 |   0.0 |       0 |      13 |   0.0 |   222
               +---------+---------+-------+---------+---------+-------+---------
